 Dungeon Crawl Stone Soup version 0.24-a0-783-ge536774 (webtiles) character file.

Game seed: 10917674947319488047, levelgen mode: deterministic

2246 2tousent the Martial Artist (level 9, -1/64 HPs)
             Began as a Green Draconian Transmuter on Oct 8, 2019.
             Was a Follower of Wu Jian.
             Slain by a hippogriff (5 damage)
             ... on level 7 of the Dungeon.
             The game lasted 00:20:59 (5857 turns).

2tousent the Martial Artist (DrTm)                  Turns: 5857, Time: 00:21:00

Health: -1/64      AC:  2    Str: 12    XL:     9   Next: 15%
Magic:  13/16      EV: 19    Int: 15    God:    Wu Jian [*.....]
Gold:   344        SH:  0    Dex: 19    Spells: 9/18 levels left

rFire    . . .     SeeInvis .     - Unarmed
rCold    . . .     Gourm    .   (shield currently unavailable)
rNeg     . . .     Faith    .   (armour unavailable)
rPois    x         Spirit   .   (helmet currently unavailable)
rElec    .         Reflect  .   (cloak currently unavailable)
rCorr    .         Harm     .   (gloves currently unavailable)
MR       .....                  (boots currently unavailable)
Stlth    ++........             q - amulet of regeneration
HPRegen  0.60/turn              (no ring)
MPRegen  0.15/turn              (no ring)

@: short of breath, spider-form
A: tiny, (breathe noxious fumes), unfitting armour, AC +7
a: End Transformation, Renounce Religion


You were on level 7 of the Dungeon.
You worshipped Wu Jian.
Wu Jian was aware of your devotion.
You were hungry.
You were a venomous arachnid creature.
You visited 2 branches of the dungeon, and saw 8 of its levels.
You also visited: Sewer.

You collected 344 gold pieces.

Inventory:

Missiles
 a - 91 arrows
Armour
 v - a +0 cloak (melded)
Jewellery
 q - an amulet of regeneration (around neck)
 s - a cursed ring of teleportation {unknown}
 t - an uncursed ring of poison resistance {unknown}
Wands
 x - a wand of flame (30)
 A - a wand of random effects (27)
Scrolls
 e - 2 scrolls of blinking
 i - 2 scrolls of identify
 l - 2 scrolls of amnesia {unknown}
 n - 3 scrolls of remove curse
 r - 4 scrolls of teleportation
 y - a scroll of magic mapping {unknown}
Potions
 b - 2 potions of brilliance
 d - 3 potions of resistance
 f - 4 potions of curing {unknown}
 g - 5 potions of heal wounds
 h - 2 potions of invisibility {unknown}
 j - 3 potions of degeneration {unknown}
 k - a potion of berserk rage {unknown}
 m - 3 potions of flight {unknown}
 o - 3 potions of magic {unknown}
 p - 3 potions of cancellation {unknown}
 u - 2 potions of haste {unknown}
 w - a potion of agility {unknown}
Comestibles
 c - 14 rations
 z - a chunk of flesh


   Skills:
 - Level 1.1 Fighting
 - Level 1.7 Dodging
 * Level 8.3 Unarmed Combat
 + Level 5.3 Spellcasting
 * Level 7.9 Transmutations


You had 9 spell levels left.
You knew the following spells:

 Your Spells              Type           Power        Failure   Level  Hunger
a - Beastly Appendage     Tmut           ####..       4%          1    None
b - Spider Form           Tmut/Pois      ###.......   24%         3    ###....
c - Blade Hands           Tmut           ####......   36%         5    ######.

Your spell library contained the following spells:

 Spells                   Type           Power        Failure   Level  Hunger
 Sticks to Snakes         Tmut           ####....     4%          2    ##.....
 Corona                   Hex            #......      34%         1    None
 Ensorcelled Hibernation  Hex/Ice        #.....       45%         2    ##.....
 Ice Form                 Ice/Tmut       ###.....     52%         4    ####...
 Confuse                  Hex            #.......     65%         3    ###....
 Dazzling Spray           Conj/Hex       #.....       65%         3    ###....
 Tukima's Dance           Hex            #.......     65%         3    ###....


Dungeon Overview and Level Annotations

Branches:
Dungeon (7/15)             Temple (1/1) D:5           Sewer (visited)

Altars:
Ashenzari
Elyvilon
Fedhas
Gozag
Kikubaaqudgha
Nemelex Xobeh
Qazlal
Ru
Sif Muna
Wu Jian
Xom
Yredelemnul
The Shining One


Innate Abilities, Weirdness & Mutations

((You can breathe blasts of noxious fumes.))
((Your lurid green scales are hard. (AC +7)))
You cannot fit into any form of body armour.
((Your system is resistant to poisons. (rPois)))
((You are cold-blooded and may be slowed by cold attacks.))


Message History

Press: ? - help, Shift-Dir - straight line You exhale a blast of noxious fumes.
The blast of choking fumes hits the hippogriff.
The hippogriff is heavily wounded.
You are feeling hungry.
The hippogriff is engulfed in noxious fumes.
The hippogriff bites you but does no damage.
The hippogriff barely misses you.
The hippogriff claws you but does no damage.
Casting: Spider Form (safe; 10% risk of failure)
Confirm with . or Enter, or press ? or * to list all spells.
You turn into a venomous arachnid creature.
Your +0 cloak melds into your body.
The hippogriff is engulfed in noxious fumes.
The hippogriff bites you.
* * * LOW HITPOINT WARNING * * *
The hippogriff pecks you.
* * * LOW HITPOINT WARNING * * *
The hippogriff claws you.
You die...

..........#.#######
##.#.#.......%...<.#
..............####.#
#..###........# ##
###...##.# .
######.#.# .
##.#.##...
######.......#
#..(((.sH○○☼##
#.####.##...# #
#....[..# #..#.#.#..
#...##.##.. #... ..
.. #.#.. #. #.


You could see a hippogriff.

Vanquished Creatures
  Pikel (D:4)
  Prince Ribbit (D:6)
  Edmund (D:4)
  Purgy (Sewer)
  2 ogres
  A slave (D:4)
  A black bear (D:6)
  A phantom (D:4)
  2 centaurs (D:7)
  A scorpion (D:7)
  A bullfrog zombie (D:5)
  A crimson imp (D:6)
  3 quasits (D:6)
  3 hounds
  3 orc wizards
  Jessica (D:2)
  A centaur skeleton (D:6)
  An iguana (D:6)
  5 worker ants
  A killer bee zombie (D:5)
  10 adders
  11 gnolls
  An ooze (D:5)
  8 worms
  2 dart slugs (D:3)
  5 leopard geckos
  9 orcs
  9 bats
  12 giant cockroaches
  12 goblins
  6 hobgoblins
  A jackal (D:1)
  8 kobolds
  3 quokkas
  2 ball pythons
  7 frilled lizards
  A jackal skeleton (D:4)
  A jackal zombie (D:6)
  A quokka skeleton (D:4)
  8 rats
149 creatures vanquished.

Vanquished Creatures (others)
  A howler monkey (D:4)
  An iguana (D:4)
  An ooze (D:4)
  2 orcs (D:4)
5 creatures vanquished.

Grand Total: 154 creatures vanquished

Notes
Turn   | Place    | Note
-------+----------+-------------------------------------------
     0 | D:1      | 2tousent the Draconian Transmuter began the quest for the
                  | Orb.
     0 | D:1      | Reached XP level 1. HP: 16/16 MP: 3/3
    97 | D:1      | Reached XP level 2. HP: 16/23 MP: 5/5
   632 | D:1      | Reached XP level 3. HP: 28/28 MP: 6/6
   760 | D:1      | Learned a level 3 spell: Spider Form
   984 | D:2      | Reached XP level 4. HP: 13/35 MP: 1/7
  1361 | D:2      | Reached skill level 4 in Unarmed Combat
  1915 | D:2      | Noticed Jessica
  2005 | D:2      | Killed Jessica
  2005 | D:2      | Reached XP level 5. HP: 39/40 MP: 2/9
  2380 | D:3      | Found a glowing drain.
  2418 | Sewer    | Entered a sewer
  2560 | Sewer    | Noticed Purgy
  2569 | Sewer    | Killed Purgy
  2700 | D:3      | Reached XP level 6. HP: 45/47 MP: 3/10
  2739 | D:3      | Learned a level 5 spell: Blade Hands
  2758 | D:3      | Found an ancient bone altar of Kikubaaqudgha.
  3103 | D:3      | Found a blossoming altar of Fedhas.
  3310 | D:4      | Noticed a slave
  3311 | D:4      | Noticed a slave
  3312 | D:4      | Noticed Pikel
  3326 | D:4      | Noticed a slave
  3327 | D:4      | Killed a slave
  3328 | D:4      | Noticed a slave
  3345 | D:4      | Killed Pikel
  3345 | D:4      | Reached skill level 6 in Unarmed Combat
  3345 | D:4      | Reached skill level 5 in Transmutations
  3345 | D:4      | Your scales start taking on a lurid green colour.
  3345 | D:4      | Reached XP level 7. HP: 8/52 MP: 4/12
  3345 | D:4      | Gained mutation: Your system is resistant to poisons.
                  | (rPois) [Green Draconian growth]
  3523 | D:4      | Noticed Edmund
  3545 | D:4      | Killed Edmund
  3935 | D:4      | Reached XP level 8. HP: 54/59 MP: 14/14
  4313 | D:5      | Entered Level 5 of the Dungeon
  4424 | D:5      | Found a glowing golden altar of the Shining One.
  4591 | D:5      | Reached skill level 7 in Unarmed Combat
  4617 | D:5      | Found a shimmering blue altar of Sif Muna.
  4631 | D:5      | Found a shattered altar of Ashenzari.
  4649 | D:5      | Found a staircase to the Ecumenical Temple.
  4656 | Temple   | Entered the Ecumenical Temple
  4749 | Temple   | Became a worshipper of the Wu Jian Council
  5170 | D:6      | Noticed Prince Ribbit
  5192 | D:6      | Killed Prince Ribbit
  5290 | D:6      | Found an opulent altar of Gozag.
  5291 | D:6      | Found a sparkling altar of Nemelex Xobeh.
  5300 | D:6      | Reached skill level 5 in Spellcasting
  5357 | D:6      | Reached skill level 8 in Unarmed Combat
  5758 | D:6      | Reached XP level 9. HP: 63/64 MP: 12/16
  5771 | D:6      | Found a stormy altar of Qazlal.
  5795 | D:7      | Reached * piety under Wu Jian
  5857 | D:7      | Slain by a hippogriff

Levels and vault maps discovered:
D:1:      scummos_arrival_forest, layout_loops_ring, minmay_heptomino_l4
D:2:      layout_basic, minmay_worlds_worst_comb, uniq_jessica
D:3:      layout_basic, nicolae_overflow_crystal_walls, portal_sewer_entry_b,
          fedhas_altar_fruit_tree
D:4:      layout_basic, uniq_pikel, uniq_edmund
D:5:      layout_loops_cross, lemuel_round_altar,
          minmay_temple_entry_statues_pillars, basic_altar, first_ration,
          minivault_14, hangedman_decor_diamond_cutter, kennysheep_flooded_box
D:6:      minmay_chambers_of_sixes, layout_basic,
          grunt_temple_overflow_opulence, kennysheep_mini_moat,
          uniq_prince_ribbit1
D:7:      layout_loops_cross, bloody_makhleb, okawaru_altar_gauntlet_db,
          basic_altar
Temple:   nicolae_temple_figure_eight

Skill      XL: |  1  2  3  4  5  6  7  8 |
---------------+-------------------------+-----
Transmutations | 3 4 5 6 7 |  7.9
Unarmed Combat | 4 6 8 |  8.3
Spellcasting   | 3 4 5 |  5.3
Fighting       | |  1.1
Dodging        | |  1.7

Action                   |  1- 3 |  4- 6 |  7- 9 || total
-------------------------+-------+-------+-------++-------
Melee: Unarmed           |   117 |   203 |   199 ||   519
       Tailslap          |    12 |     8 |     8 ||    28
       Punch             |     1 |     3 |     3 ||     7
       Kick              |     3 |    10 |     5 ||    18
 Cast: Beastly Appendage |     2 |     9 |     1 ||    12
       Spider Form       |     2 |     9 |    15 ||    26
Invok: Lunge             |       |       |    15 ||    15
 Abil: Breathe Noxious F |       |       |    15 ||    15
  Use: Scroll            |       |    10 |     1 ||    11
 Stab: Sleeping          |     1 |     1 |     4 ||     6
       Confused          |       |       |     6 ||     6
  Eat: Chunk             |       |     8 |    12 ||    20
       Ration            |       |     1 |       ||     1
Armor: Skin              |    34 |    66 |    46 ||   146
Dodge: Dodged            |    91 |   122 |   164 ||   377

Table legend:
 A = Non-vault XP
 B = Vault XP
 C = Vault XP percentage of total XP
 D = Non-vault monster count
 E = Vault monster count
 F = Vault count percentage of total count
                 A         B        C        D         E       F
            +---------+---------+-------+---------+---------+-------
      Total |    1741 |    1468 |  45.7 |     121 |      27 |  18.2
            +---------+---------+-------+---------+---------+-------
        D:1 |      37 |       8 |  17.8 |      23 |       5 |  17.9
        D:2 |     134 |      41 |  23.4 |      25 |       3 |  10.7
        D:3 |      63 |      11 |  14.9 |      18 |       5 |  21.7
        D:4 |     328 |     786 |  70.6 |      21 |       2 |   8.7
        D:5 |     371 |       0 |   0.0 |      16 |       0 |   0.0
        D:6 |     511 |     482 |  48.5 |      15 |       6 |  28.6
        D:7 |     297 |       0 |   0.0 |       3 |       0 |   0.0
      Sewer |       0 |     140 | 100.0 |       0 |       6 | 100.0
            +---------+---------+-------+---------+---------+-------
